 Dungeon Crawl Stone Soup version 0.32-a0-593-g85ff8e36a1 (webtiles) character file.

Game seed: 7699574541836744788

53650 jasper the Bludgeoner (level 14, -4/114 HPs)
             Began as a Demonspawn Cinder Acolyte on Mar 2, 2024.
             Was a Priest of Jiyva.
             Slain by a spriggan rider
             ... wielding a +0 spear
              (20 damage)
             ... on level 5 of the Lair of Beasts.
             The game lasted 00:39:20 (22274 turns).

jasper the Bludgeoner (Demonspawn Cinder Acolyte)  Turns: 22274, Time: 00:39:21

Health: -4/114     AC: 29    Str: 19    XL:     14   Next: 31%
Magic:  15/15      EV:  6    Int: 15    God:    Jiyva [***...]
Gold:   880        SH:  8    Dex:  9    Spells: 15/15 levels left

rFire   . . .        X - +5 eveningstar (protect)
rCold   . . .        s - +0 buckler
rNeg    + . .        o - +0 plate armour
rPois   .            D - +2 helmet
rElec   .            v - +2 cloak {Will+}
rCorr   +            n - +0 pair of gloves of the gadgeteer {Gadgeteer Wandboost ^Fragile}
SInv    +            (no boots)
Will    ++...        C - amulet of faith Stlth
                     B - ring of see invisible
HPRegen 1.51/turn    r - ring of positive energy
MPRegen 0.70/turn

%: faith
@: slowed, very slow
A: slimy green scales 1, icemail 1, spiny 3, condensation shield, weakness
stinger 2
a: Renounce Religion, Oozemancy


You were on level 5 of the Lair of Beasts.
You worshipped Jiyva.
Jiyva was most pleased with you.
You visited 2 branches of the dungeon, and saw 19 of its levels.
You also visited: Sewer, Ossuary and Bailey.

You collected 880 gold pieces.

Inventory:

Hand Weapons
 g - a +2 dire flail of venom
 T - a +3 dire flail
 X - a +5 eveningstar of protection (weapon)
Missiles
 c - 139 stones (quivered)
 d - 26 poisoned darts
 w - 6 boomerangs
 I - 6 javelins
 R - 3 curare-tipped darts
 Y - 5 silver javelins
Armour
 n - the +0 pair of gloves of the gadgeteer (worn) {Gadgeteer Wandboost ^Fragile}
   (You found it on level 3 of the Lair of Beasts)

   Gadgeteer: Your evocable items recharge 30% faster and wands have a 30%
   chance to not spend a charge.
   Wandboost: Your wands are more powerful.
   ^Fragile:  It will be destroyed if unequipped.
 o - a +0 plate armour (worn)
 s - a +0 buckler (worn)
 v - a +2 cloak of willpower (worn)
 D - a +2 helmet (worn)
Jewellery
 k - a +6 ring of strength
 r - a ring of positive energy (right hand)
 A - a ring of protection from cold
 B - a ring of see invisible (left hand)
 C - an amulet of faith (around neck)
 K - a ring of ice
 S - a ring of ice
 V - a ring of flight
Wands
 e - a wand of flame (29)
 u - a wand of warping (5)
 M - a wand of digging (3)
 P - a wand of charming (11)
Scrolls
 b - a scroll of silence
 m - 3 scrolls of fog
 p - 2 scrolls of noise
 L - 2 scrolls of enchant weapon
 N - 7 scrolls of teleportation
Potions
 f - 2 potions of resistance
 h - a potion of ambrosia
 i - a potion of magic
 j - 2 potions of haste
 l - 5 potions of mutation
 q - 2 potions of cancellation
 x - 5 potions of curing
 E - 4 potions of enlightenment
 F - 4 potions of lignification
 G - 3 potions of brilliance
 J - 3 potions of attraction
 O - a potion of might {unknown}
Miscellaneous
 a - a sack of spiders
 y - a condenser vane


   Skills:
 - Level 11.9 Fighting
 - Level 16.0 Maces & Flails
 - Level 10.8 Armour
 + Level 2.2 Shields
 - Level 1.0 Spellcasting
 - Level 2.6 Fire Magic
 - Level 9.0 Evocations


You had 15 spell levels left.
You didn't know any spells.
Your spell library contained the following spells:

 Spells                   Type           Power      Damage    Failure   Level
 Scorch                   Fire           16%        2d5       96%         2
 Blink                    Tloc           0%         N/A       100%        2
 Lesser Beckoning         Tloc           0%         N/A       100%        2
 Momentum Strike          Conj/Tloc      0%         3d8       100%        2
 Frozen Ramparts          Ice            0%         1d1       100%        3
 Animate Armour           Summ/Erth      0%         N/A       100%        4
 Leda's Liquefaction      Alch/Erth      0%         N/A       100%        4
 Olgreb's Toxic Radiance  Alch           0%         N/A       100%        4
 Petrify                  Alch/Erth      0%         N/A       100%        4
 Summon Lightning Spire   Summ/Air       0%         N/A       100%        4
 Lee's Rapid Deconstruct  Erth           0%         3d4*      100%        5
 Metabolic Englaciation   Hex/Ice        0%         N/A       100%        5
 Ozocubu's Refrigeration  Ice            0%         4d7       100%        7
 Discord                  Hex            0%         N/A       100%        8


Dungeon Overview and Level Annotations

Branches:
Dungeon (14/15)            Temple (0/1) D:4            Lair (5/5) D:8
  Swamp (0/4) Lair:2        Snake (0/4) Lair:3        Slime (0/5) Lair:4
    Orc (0/2) D:10          Sewer (visited)         Ossuary (visited)
 Bailey (visited)
 Vaults: D:13-14

Altars:
Fedhas
Kikubaaqudgha
Qazlal
Ru
Yredelemnul
Jiyva

Shops:
D:2 (   D:7 =   D:9 [

Annotations:
D:5 1 runed translucent door, cforsyth's ghost, novice MDNe
Lair:5 2 transporters, Wulimmusch's ghost, adept VSEn


Innate Abilities, Weirdness & Mutations

You are partially covered in slimy green scales. (AC +2)
A meltable icy envelope protects you from harm. (AC +4)
You are completely covered in sharp spines.
A meltable shield of frost defends you. (SH +4)
You have a tail ending in a sharp stinger.


Message History

The spriggan rider is struck by your spines.
The spriggan rider hits you but does no damage.
The spriggan is struck by your spines. The spriggan hits you with a +0 rapier.
You miss the spriggan rider.
The spriggan rider is heavily wounded.
You feel yourself speed up.
The spriggan rider hits you but does no damage.
The spriggan is struck by your spines. The spriggan hits you with a +0 rapier.
The dream sheep shake their wool and sparkle.
You feel drowsy...
You fall asleep.
The spriggan rider hits you with a +0 spear!!
You wake up.
Being near the torpor snail leaves you feeling lethargic.
The spriggan is struck by your spines.
You kill the spriggan!
You take 28 damage, and have 40/114 hp.
MASSIVE DAMAGE!!
The spriggan rider blocks your attack.
Your tail-slap misses the spriggan rider.
The spriggan rider is heavily wounded.
The spriggan rider is struck by your spines.
The spriggan rider barely misses you. The spriggan is struck by your spines.
The spriggan barely misses you.
You regained 2 hp, and now have 42/114 hp.
The spriggan rider hits you but does no damage.
The spriggan attacks as it pursues you!
The spriggan hits you with a +0 morningstar!
The spriggan hits you but does no damage.
You block the spriggan rider's attack.
You take 7 damage, and have 35/114 hp.
Unknown command.
You miss the spriggan.
The spriggan is lightly wounded.
The dream sheep shake their wool and sparkle.
You feel drowsy...
You fall asleep.
The spriggan hits you with a +0 morningstar!!
You wake up.
* * * LOW HITPOINT WARNING * * *
The spriggan rider hits you from afar with a +0 spear!!
You die...
Jiyva sends a jelly to digest your remains.

♣♣♣ ♣♣♣...♣....♣ ♣.....♣
♣♣♣.♣♣♣ ♣.♣♣.....♣♣♣
♣....♣♣
♣♣.....♣♣♣♣♣....♣♣♣♣♣
♣♣♣♣♣♣ ...♣♣♣♣..♣♣......♣
♣♣♣♣ ♣♣......♣..♣ . ♣
♣♣♣.....♣♣♣♣♣ ♣♣ ... ♣♣♣
♣♣.......♣♣♣♣♣♣♣y♣...).
.D♣♣♣........†..♣♣iYYw..♣
♣..)[.♣♣♣♣♣♣♣♣♣.@iY♣♣♣♣♣♣
♣♣♣♣♣♣♣ ♣♣♣♣♣♣


You could see a spriggan rider, a torpor snail, a hornet, a spriggan and 3 dream
sheep.

Vanquished Creatures
  Rupert (Lair:4)
  Fannar (Lair:1)
  3 hydras
  2 catoblepae
  2 boulder beetles
  4 two-headed ogres
  Urug (D:10)
  A skyshark (Lair:5)
  Pikel (D:7)
  A lindwurm (Lair:3)
  2 orc knights (Bailey)
  10 elephants
  A salamander (Lair:3)
  Maurice (D:7)
  A cyclops (D:11)
  A manticore (D:11)
  Joseph (D:9)
  6 black mambas
  15 cane toads
  2 torpor snails
  An unseen horror (D:10)
  A kobold demonologist (D:10)
  10 komodo dragons
  4 rime drakes
  4 trolls
  8 hornets
  Prince Ribbit (D:5)
  3 polar bears (Lair:5)
  3 blink frogs
  2 dream sheep
  A centaur simulacrum (D:11)
  8 spriggans (Lair:5)
  11 wyverns
  2 shadows (D:11)
  A wraith (D:11)
  37 yaks
  Grum (D:11)
  15 basilisks
  17 fire elementals
  7 steam dragons
  A warg (D:10)
  2 vampire mosquitoes (D:12)
  Edmund (D:5)
  3 nagas (Lair:3)
  11 water moccasins
  13 orc warriors
  Duvessa (D:7)
  7 black bears
  2 ice beasts
  3 boggarts (Lair:5)
  27 wolves
  8 centaurs
  2 lemures (D:7)
  4 kobold brigands
  A weeping skull (D:10)
  4 elf zombies (Ossuary)
  13 bullfrogs
  A gnoll sergeant (D:11)
  A scorpion (D:5)
  Dowan (D:7)
  7 wights
  A bombardier beetle (D:4)
  2 howler monkeys
  3 centaur zombies (Ossuary)
  4 hounds
  2 human zombies (Ossuary)
  A jelly (D:5)
  9 orc priests
  2 gnoll boudas
  Jessica (D:2)
  A sleepcap (D:3)
  3 iguanas
  12 orc wizards
  2 hound zombies (Ossuary)
  2 mummies (Ossuary)
  16 gnolls
  9 adders
  A shadow imp (D:6)
  2 white imps
  3 adder zombies (Ossuary)
  A dart slug (D:3)
  5 ribbon worms
  46 orcs
  4 endoplasms
  6 giant cockroaches
  4 gnoll zombies (Ossuary)
  5 goblins
  2 hobgoblins
  7 jackals
  24 kobolds
  7 quokkas
  13 ball pythons
  2 bats (D:2)
  2 frilled lizards
  5 jackal zombies (Ossuary)
  6 kobold zombies (Ossuary)
  8 orc zombies (Ossuary)
  7 rats
  A spectral orc (D:10)
538 creatures vanquished.

Vanquished Creatures (collateral kills)
  A cane toad (Lair:3)
  A hornet (Lair:5)
  A spriggan (Lair:5)
  2 fire elementals (Lair:3)
5 creatures vanquished.

Vanquished Creatures (others)
  An acid dragon (Lair:3)
  A boggart (Lair:5)
  31 jellies
33 creatures vanquished.

Grand Total: 576 creatures vanquished

Notes
Turn   | Place    | Note
-------+----------+-------------------------------------------
     0 | D:1      | jasper the Demonspawn Cinder Acolyte began the quest for
                  | the Orb.
     0 | D:1      | Reached XP level 1. HP: 18/18 MP: 2/2
    99 | D:1      | Reached skill level 3 in Maces & Flails
   329 | D:1      | Gained mutation: A meltable shield of frost defends you.
                  | (SH +4) [demonic ancestry]
   329 | D:1      | Reached XP level 2. HP: 23/24 MP: 3/3
   980 | D:2      | Gained mutation: You are partially covered in sharp spines.
                  | [demonic ancestry]
   980 | D:2      | Reached XP level 3. HP: 15/29 MP: 4/4
  1139 | D:2      | Found Ifuubrav's Antique Weapon Shop.
  1160 | D:2      | Found a faded altar of an unknown god.
  1318 | D:2      | Reached skill level 4 in Maces & Flails
  1318 | D:2      | Noticed Jessica
  1322 | D:2      | Killed Jessica
  1323 | D:2      | Gained mutation: You have a small tail. [demonic ancestry]
  1323 | D:2      | Reached XP level 4. HP: 35/35 MP: 5/5
  1962 | D:3      | Found a glowing drain.
  1970 | D:3      | Reached skill level 5 in Maces & Flails
  1997 | Sewer    | Entered a sewer
  2106 | Sewer    | Noticed a kobold brigand
  2118 | Sewer    | Killed a kobold brigand
  2119 | Sewer    | Reached XP level 5. HP: 21/41 MP: 6/6
  2362 | Sewer    | Reached skill level 6 in Maces & Flails
  3381 | D:4      | Reached XP level 6. HP: 44/47 MP: 7/7
  3503 | D:4      | Found a staircase to the Ecumenical Temple.
  4164 | D:4      | Noticed a wyvern
  4173 | D:4      | Killed a wyvern
  4174 | D:4      | Reached skill level 7 in Maces & Flails
  4174 | D:4      | Reached XP level 7. HP: 50/52 MP: 8/8
  4204 | D:5      | Entered Level 5 of the Dungeon
  4291 | D:5      | Noticed Edmund
  4301 | D:5      | Killed Edmund
  4302 | D:5      | Reached skill level 8 in Maces & Flails
  4337 | D:5      | Found a sand-covered staircase.
  4346 | Ossuary  | Entered an ossuary
  4541 | Ossuary  | Reached skill level 9 in Maces & Flails
  4541 | Ossuary  | Reached XP level 8. HP: 38/58 MP: 9/9
  5040 | D:5      | Reached skill level 10 in Maces & Flails
  5502 | D:5      | Noticed Prince Ribbit
  5514 | D:5      | Killed Prince Ribbit
  5518 | D:5      | Found a runed translucent door.
  5518 | D:5      | Noticed cforsyth's ghost (novice MDNe)
  5715 | D:6      | Reached skill level 11 in Maces & Flails
  5947 | D:6      | Gained mutation: You are partially covered in slimy green
                  | scales. (AC +2) [demonic ancestry]
  5947 | D:6      | Reached XP level 9. HP: 63/63 MP: 10/10
  6847 | D:7      | Noticed Pikel
  6868 | D:7      | Killed Pikel
  6869 | D:7      | Reached skill level 12 in Maces & Flails
  6869 | D:7      | Reached skill level 1 in Armour
  7305 | D:7      | Noticed Maurice
  7316 | D:7      | Reached skill level 5 in Fighting
  7329 | D:7      | Reached XP level 10. HP: 49/75 MP: 11/11
  7336 | D:7      | Noticed Duvessa
  7336 | D:7      | Noticed Dowan
  7348 | D:7      | Killed Duvessa
  7350 | D:7      | Killed Dowan
  7471 | D:7      | Maurice stole an amulet of faith
  7473 | D:7      | Maurice stole a +1 whip of freezing
  7487 | D:7      | Killed Maurice
  7594 | D:7      | Found Vezaug's Jewellery Emporium.
  7842 | D:8      | Reached skill level 5 in Armour
  8028 | D:8      | Found a staircase to the Lair.
  9079 | D:9      | Found a blossoming altar of Fedhas.
  9081 | D:9      | Noticed a two-headed ogre
  9098 | D:9      | Killed a two-headed ogre
  9098 | D:9      | Noticed Joseph
  9112 | D:9      | Killed Joseph
  9241 | D:9      | Found Tuse's Armour Shoppe.
  9284 | D:9      | Found a stormy altar of Qazlal.
  9288 | D:9      | Found an ancient bone altar of Kikubaaqudgha.
  9578 | D:9      | Gained mutation: You have a tail ending in a sharp stinger.
                  | [demonic ancestry]
  9578 | D:9      | Reached XP level 11. HP: 81/87 MP: 12/12
 10121 | D:10     | Entered Level 10 of the Dungeon
 10149 | D:10     | Noticed a two-headed ogre
 10157 | D:10     | Killed a two-headed ogre
 10208 | D:10     | Noticed a sixfirhy
 10403 | D:10     | Noticed Urug
 10424 | D:10     | Killed Urug
 10589 | D:10     | Found a staircase to the Orcish Mines.
 10725 | D:10     | Found a flagged portal.
 10734 | Bailey   | Entered a bailey
 11094 | Bailey   | Reached skill level 10 in Fighting
 11290 | Bailey   | Found a roughly hewn altar of Beogh.
 11290 | Bailey   | Noticed an orc knight
 11290 | Bailey   | Noticed an orc knight
 11307 | Bailey   | Killed an orc knight
 11308 | Bailey   | Killed an orc knight
 11943 | D:10     | Found a basalt altar of Yredelemnul.
 12713 | D:11     | Noticed a two-headed ogre
 12726 | D:11     | Killed a two-headed ogre
 12945 | D:11     | Noticed Grum
 12961 | D:11     | Killed Grum
 12962 | D:11     | Reached skill level 1 in Evocations
 12962 | D:11     | Gained mutation: You are mostly covered in sharp spines.
                  | [demonic ancestry]
 12962 | D:11     | Reached XP level 12. HP: 42/100 MP: 13/13
 13212 | D:11     | You fall into a shaft and drop 2 floors!
 13333 | D:12     | Reached skill level 10 in Armour
 13353 | D:12     | Noticed a boulder beetle
 13598 | D:11     | Noticed a boulder beetle
 13617 | D:11     | Killed a boulder beetle
 13684 | D:11     | Noticed a two-headed ogre
 13693 | D:11     | Killed a two-headed ogre
 14120 | Lair:1   | Entered Level 1 of the Lair of Beasts
 14126 | Lair:1   | Noticed Fannar
 14150 | Lair:1   | Killed Fannar
 14151 | Lair:1   | Reached skill level 5 in Evocations
 15423 | Lair:1   | Noticed a six-headed hydra
 15430 | Lair:1   | Killed a six-headed hydra
 15959 | Lair:2   | Noticed a catoblepas
 15982 | Lair:2   | Killed a catoblepas
 16354 | Lair:2   | Found a sacrificial altar of Ru.
 16910 | Lair:2   | Found a staircase to the Swamp.
 17244 | Lair:3   | Found a staircase to the Snake Pit.
 17333 | Lair:3   | Gained mutation: You are completely covered in sharp
                  | spines. [demonic ancestry]
 17333 | Lair:3   | Reached XP level 13. HP: 106/106 MP: 14/14
 17336 | Lair:3   | Reached skill level 13 in Maces & Flails
 18115 | Lair:3   | Found the +0 pair of gloves of the gadgeteer {Gadgeteer
                  | Wandboost ^Fragile}
 18870 | Lair:3   | Reached skill level 14 in Maces & Flails
 19339 | Lair:4   | Found a viscous altar of Jiyva.
 19339 | Lair:4   | Found a staircase to the Slime Pits.
 19377 | Lair:4   | Fell from the grace of Ignis
 19377 | Lair:4   | Became a worshipper of Jiyva Jaklas the Shapeless
 20626 | Lair:4   | Reached skill level 15 in Maces & Flails
 20788 | Lair:4   | Noticed Rupert
 20822 | Lair:4   | Killed Rupert
 21249 | Lair:4   | You fall into a shaft and drop 1 floor!
 21249 | Lair:5   | Entered Level 5 of the Lair of Beasts
 21468 | Lair:5   | Reached skill level 16 in Maces & Flails
 21478 | Lair:5   | HP: 3/106 [seven-headed hydra[a boggart] (11)]
 21479 | Lair:5   | Reached * piety under Jiyva
 21549 | Lair:5   | Gained mutation: A meltable icy envelope protects you from
                  | harm. (AC +4) [demonic ancestry]
 21549 | Lair:5   | Reached XP level 14. HP: 72/113 MP: 15/15
 21781 | Lair:5   | Found a transporter.
 21781 | Lair:5   | Found a transporter.
 21784 | Lair:5   | Noticed Wulimmusch's ghost (adept VSEn)
 21786 | Lair:5   | Was forgiven by Ignis
 21842 | Lair:5   | Reached ** piety under Jiyva
 22161 | Lair:5   | Reached *** piety under Jiyva
 22186 | Lair:5   | Reached skill level 1 in Shields
 22274 | Lair:5   | Slain by a spriggan rider

Illustrated notes

Levels and vault maps discovered:
D:1:      dpeg_arrival_leaves_temple_mockup, layout_loops_ring
D:2:      layout_loops_cross, serial_shops, nicolae_shop_advertising_works
          [nicolae_subvault_shop_adworks], ebering_ecumenical_altar_webs,
          uniq_jessica
D:3:      layout_basic, portal_sewer_entry_f, st_stairs_9
D:4:      layout_basic, minmay_temple_entry_junction_2, kennysheep_another_room,
          kennysheep_cross_room
D:5:      layout_basic, enter_ossuary_1, ebering_ghost_sewer_d,
          kennysheep_generic_room_13, uniq_edmund, uniq_prince_ribbit1
D:6:      layout_basic, nicolae_benzene_ring
D:7:      hellmonk_crumbling_castle, layout_basic, serial_shops,
          nicolae_shop_gaudy_bauble, uniq_duvessa, uniq_maurice, uniq_pikel
D:8:      layout_basic, grunt_lair_entry_orc_guard_hut, feat_on_display
D:9:      layout_stronghold, grunt_temple_overflow_open,
          mainiacjoe_overflow_large_starburst, serial_shops, shop, st_stairs_6,
          uniq_joseph
D:10:     layout_cave_pods, yredelemnul_forgotten_temple_becter, david_orc_3,
          enter_bailey_8, grunt_ministairs_10, uniq_urug
D:11:     layout_basic, uniq_grum
D:12:     layout_basic, enter_trove_1
D:13:     layout_rooms, hellmonk_vaults_keyhole, gammafunk_ghost_abyssal_escape
D:14:     layout_irregular_city, nicolae_vehumet_radiance,
          hellmonk_ghost_happy_afterlife, nicolae_qazlal_scattered_showers,
          uniq_lodul
Lair:1:   beast_lair_carwin_large_2, layout_concentric_octagons,
          serial_bayou_shore_a, lemuel_fruit_tree, uniq_fannar
Lair:2:   layout_chaotic_city, swamp_mist, basic_altar, patterned_corridor
Lair:3:   wad_woods_structure_01, layout_cave_pods, alex1729_snake_entry_snake,
          serial_bayou_pond_b, bobbens_dragon_lair_wall,
          infiniplex_staircase_pool_2
Lair:4:   regret_index_malice_mire, layout_cave_pods, slime_entry_1,
          serial_bayou_shore_b, serial_bayou_shore_b, uniq_rupert
Lair:5:   minmay_lair_end_enchanted_forest, layout_regular_city,
          gammafunk_ghost_hive

Skill      XL: |  1  2  3  4  5  6  7  8  9 10 11 12 13 14 |
---------------+-------------------------------------------+-----
Maces & Flails | 3 4 5 6 7 9 11 12 16 | 16.0
Armour         | 4 7 9 10 | 10.8
Fighting       | 5 8 11 | 11.9
Evocations     | 1 9 |  9.0
Shields        | 2 |  2.2
Spellcasting   | |  1.0
Fire Magic     | |  2.6

Action                     |  1- 3 |  4- 6 |  7- 9 | 10-12 | 13-15 || total
---------------------------+-------+-------+-------+-------+-------++-------
  Melee: Mace              |    73 |       |       |       |       ||    73
         Club              |       |   157 |    29 |       |       ||   186
         Tailslap          |       |    12 |    43 |    94 |   114 ||   263
         Dire flail        |       |       |   306 |   617 |   279 ||  1202
         Eveningstar       |       |       |       |       |   317 ||   317
  Throw: Stone             |     4 |       |       |     4 |       ||     8
 Invoke: Fiery Armour      |     1 |     2 |     2 |     3 |     1 ||     9
         Rising Flame      |       |       |       |       |     1 ||     1
  Evoke: Wand              |       |       |       |    15 |     3 ||    18
         Sack of spiders   |       |       |       |     2 |     2 ||     4
         Condenser vane    |       |       |       |     1 |     3 ||     4
    Use: Potion            |       |     1 |     4 |     1 |     8 ||    14
         Scroll            |       |    13 |     5 |    14 |     4 ||    36
   Stab: Invisible         |       |       |     2 |       |       ||     2
 Armour: Robe              |    16 |       |       |       |       ||    16
         Scale mail        |    42 |       |       |       |       ||    42
         Chain mail        |       |   104 |   130 |       |       ||   234
         Plate armour      |       |       |    97 |   545 |   599 ||  1241
  Dodge: Dodged            |    32 |    39 |    66 |   119 |   133 ||   389
  Block: Other             |    14 |    23 |    39 |    80 |    71 ||   227
         Buckler           |       |       |       |       |    13 ||    13

Table legend: (Time is in decaauts)
 A = Elapsed time spent in this place.
 B = Non-inter-level travel time spent in this place.
 C = Inter-level travel time spent in this place.
 D = Time resting spent in this place.
 E = Time spent auto-exploring this place.
 F = Levels seen in this place.
 G = Mean time per level.
                   A        B        C        D        E       F      G
               +--------+--------+--------+--------+--------+-----+--------+
         Total |  21958 |  20954 |   1004 |   5929 |   9600 |  22 |  998.1 |
       Dungeon |  12411 |  11577 |    834 |   2241 |   6495 |  14 |  886.5 |
          Lair |   7944 |   7775 |    169 |   3098 |   2773 |   5 | 1588.8 |
         Sewer |    505 |    505 |      0 |    157 |    111 |   1 |  505.0 |
       Ossuary |    434 |    434 |      0 |     26 |    220 |   1 |  434.0 |
        Bailey |    662 |    662 |      0 |    406 |      0 |   1 |  662.0 |
               +--------+--------+--------+--------+--------+-----+--------+

Top non-repeatable levels by time:
  Lair:3: 2771 daAuts
  Lair:1: 1722 daAuts
     D:9: 1644 daAuts
    D:10: 1530 daAuts
  Lair:2: 1405 daAuts
    D:11: 1332 daAuts
     D:6: 1124 daAuts
  Lair:4: 1089 daAuts
     D:3: 1051 daAuts
     D:4: 978 daAuts
     D:2: 960 daAuts
  Lair:5: 956 daAuts
     D:5: 924 daAuts
     D:8: 923 daAuts
     D:7: 890 daAuts
